AoeStats
← THL

Arabia

510543447Analyzed
2v2 RM · 22h ago on Oct 1, 2026· 39m 29s· 4 players
Game mode
Random Map
Map size
Medium (4 player)
Population
200
Speed
Normal
Resources
Standard
Victory
Conquest
Starting age
Dark Age
Ending age
Imperial Age
RankedLock teamsTeams togetherTeam positionsShared explorationLock speedFull tech treeHidden civsTurbo modeCheats
Victory
Defeat
🇺🇾 Mongols · Uruguay
1662
+10
🇻🇳 Khmer · Vietnam
1613
+12
🇭🇰 Burgundians · Hong Kong SAR China
1553
-12
🇭🇰 Varangians · Hong Kong SAR China
1505
-10
THL
6:37 Loom
9:00 Feudal Age
9:41 Double-Bit Axe
19:54 Castle Age
17:57 Horse Collar
18:08 Gold Mining
19:25 Bloodlines
20:55 Bow Saw
22:00 Scale Barding Armor
24:23 Wheelbarrow
24:41 Forging
28:35 Husbandry
30:18 Chain Barding Armor
31:11 Iron Casting
38:04 Imperial Age
35:51 Hand Cart
36:31 Town Watch
36:39 Fletching
37:31 Heavy Plow
38:28 Elite Ballista Elephant
39:46 Plate Barding Armor
40:12 Blast Furnace
39:15 Double Crossbow
FMG | Esteban
5:56 Loom
7:45 Feudal Age
7:48 Loom
8:40 Double-Bit Axe
10:43 Horse Collar
19:32 Castle Age
18:35 Bloodlines
21:01 Fletching
22:04 Bow Saw
27:18 Wheelbarrow
26:28 Town Watch
26:55 Bodkin Arrow
28:00 Heavy Plow
28:33 Padded Archer Armor
28:39 Husbandry
29:18 Gold Mining
30:08 Stone Mining
32:07 Ballistics
34:54 Imperial Age
32:50 Thumb Ring
33:26 Leather Archer Armor
34:34 Hand Cart
35:47 Gold Shaft Mining
35:38 Bracer
36:39 Chemistry
35:25 Onager
37:06 Drill
37:21 Parthian Tactics
37:45 Elite Mangudai
argum
6:52 Loom
9:25 Feudal Age
9:56 Double-Bit Axe
16:38 Horse Collar
21:17 Wheelbarrow
23:47 Castle Age
22:16 Scale Barding Armor
22:20 Gold Mining
23:19 Forging
23:37 Bloodlines
25:01 Bow Saw
27:49 Husbandry
31:04 Iron Casting
31:24 Chain Barding Armor
31:02 Town Watch
34:03 Stone Mining
36:36 Heavy Plow
Steven S Lee
7:10 Loom
9:43 Feudal Age
10:49 Double-Bit Axe
15:05 Fletching
18:30 Wheelbarrow
18:02 Horse Collar
22:58 Castle Age
20:58 Gold Mining
21:42 Bow Saw
22:15 Padded Archer Armor
24:26 Heavy Plow
25:03 Gold Shaft Mining
24:29 Bodkin Arrow
24:47 Town Watch
24:32 Elite Skirmisher
25:49 Ballistics
29:00 Scale Barding Armor
30:15 Leather Archer Armor
29:23 Light Cavalry
30:30 Cavalier
33:54 Forging
34:01 Husbandry
35:22 Chain Barding Armor
Connection lost

Rejoining the realm…

Still unreachable

The connection could not be restored.

Session expired

The server has moved on; the page needs a fresh start.